 Dungeon Crawl Stone Soup version 0.28-a0-1206-g193881aaa2 (webtiles) character file.

Game seed: 3154513708879352484

60 r3xj the Slasher (level 3, -3/31 HPs)
             Began as a Minotaur Fighter on Dec 21, 2021.
             Slain by an ogre (17 damage)
             ... on level 3 of the Dungeon.
             The game lasted 00:06:24 (1453 turns).

r3xj the Slasher (Minotaur Fighter)                 Turns: 1453, Time: 00:06:25

Health: -3/31      AC:  8    Str: 22    XL:     3   Next: 82%
Magic:  0/2        EV:  9    Int:  5    God:
Gold:   161        SH:  4    Dex:  9    Spells: 2/2 levels left

rFire   . . .      SeeInvis .   a - +0 long sword
rCold   . . .      Faith    .   c - +0 buckler
rNeg    . . .      Spirit   +   b - +0 scale mail
rPois   .          Reflect  .   (helmet restricted)
rElec   .          Harm     .   (no cloak)
rCorr   .          Rampage  .   (no gloves)
Will    .....                   i - +0 pair of boots
Stlth   ..........              l - amulet of guardian spirit
HPRegen 0.10/turn               (no ring)
MPRegen 0.08/turn               (no ring)

@: no status effects
A: horns 2, retaliatory headbutt
a: no special abilities


You were on level 3 of the Dungeon.
You visited 1 branch of the dungeon, and saw 3 of its levels.

You collected 161 gold pieces.

Inventory:

Hand Weapons
 a - a +0 long sword (weapon)
Armour
 b - a +0 scale mail (worn)
 c - a +0 buckler (worn)
 i - a +0 pair of boots (worn)
Jewellery
 l - an amulet of guardian spirit (around neck)
Scrolls
 g - 2 scrolls of torment {unknown}
 h - 4 scrolls of identify {unknown}
 j - a scroll of amnesia {unknown}
 k - a scroll of noise {unknown}
 n - a scroll of acquirement {unknown}
 o - 2 scrolls of magic mapping {unknown}
Potions
 d - a potion of might
 e - a potion of attraction {unknown}
 f - 2 potions of lignification {unknown}
 m - a potion of curing {unknown}


   Skills:
 - Level 3.6 Fighting
 + Level 5.1 Long Blades
 - Level 3.6 Armour
 - Level 3.6 Shields


You had 2 spell levels left.
You didn't know any spells.
Your spell library was empty.

Dungeon Overview and Level Annotations

Branches:
Dungeon (3/15)

Altars:
Nemelex Xobeh

Shops:
D:1 :


Innate Abilities, Weirdness & Mutations

You have a pair of horns on your head.
You reflexively headbutt those who attack you in melee.


Message History

You closely miss the orc. The orc barely misses you.
You closely miss the orc. Your headbutt misses the orc.
The orc closely misses you.
You barely miss the orc. The orc hits you but does no damage.
You hit the orc. You headbutt the orc.
You kill the orc!
No target in view!
You now have 161 gold pieces (gained 12).
h - 4 scrolls labelled ITILIJ GIOLOU (gained 1)
An ogre comes into view. It is wielding a +0 giant spiked club.
The ogre shouts!
An ogre is nearby!
Found 2 poisoned darts.
Found 2 scrolls labelled ZEFUXI XETIC.
You see here 2 poisoned darts.
o - 2 poisoned darts Throw: 2 darts (poison)
Press: ? - help, Q - select action Shift-Dir - straight line, f - ogre
Aim: an ogre, wielding a +0 giant spiked club (71% to hit)
You throw a poisoned dart. The poisoned dart hits the ogre.
Throw: dart (poison)
Press: ? - help, Q - select action Shift-Dir - straight line, f/p - ogre
Aim: an ogre, wielding a +0 giant spiked club (71% to hit)
You throw a poisoned dart. The poisoned dart hits the ogre.
The ogre is poisoned.
The ogre looks more healthy.
You see here 2 scrolls labelled ZEFUXI XETIC.
o - 2 scrolls labelled ZEFUXI XETIC You hit the ogre.
You headbutt the ogre!
The ogre is heavily wounded.
The ogre hits you with a +0 giant spiked club!!
Ouch! That really hurt!
You slash the ogre!
The ogre is almost dead.
The ogre completely misses you.
You completely miss the ogre.
The ogre is almost dead.
The ogre hits you with a +0 giant spiked club!!
Ouch! That really hurt!
You die...

#.##########
#.....@O..#
##.######.#
#...###.#
#.....#
####..# #..#
###
########..#
#<##
..........###
...#
#...........#


You could see an ogre.

Vanquished Creatures
  An adder (D:2)
  An ufetubus (D:2)
  3 dart slugs
  An orc (D:3)
  5 bats
  4 endoplasms
  2 giant cockroaches (D:1)
  2 goblins
  5 hobgoblins
  2 jackals (D:2)
  A quokka (D:1)
  3 ball pythons
  4 frilled lizards
  2 kobolds
  3 rats
39 creatures vanquished.

Notes
Turn   | Place    | Note
-------+----------+-------------------------------------------
     0 | D:1      | r3xj the Minotaur Fighter began the quest for the Orb.
     0 | D:1      | Reached XP level 1. HP: 19/19 MP: 0/0
   150 | D:1      | Found Votailo's Book Emporium.
   165 | D:1      | Reached skill level 3 in Long Blades
   269 | D:1      | Reached XP level 2. HP: 23/26 MP: 1/1
   618 | D:1      | Reached skill level 4 in Long Blades
   730 | D:2      | Reached XP level 3. HP: 31/31 MP: 2/2
  1110 | D:2      | Reached skill level 5 in Long Blades
  1221 | D:3      | Found a sparkling altar of Nemelex Xobeh.
  1307 | D:3      | Found a faded altar of an unknown god.
  1377 | D:3      | Noticed an ogre
  1453 | D:3      | Slain by an ogre

Illustrated notes

Levels and vault maps discovered:
D:1:      dpeg_arrival_refuge, layout_rooms, serial_shops,
          nicolae_shop_hallway_plus, minivault_11
D:2:      layout_rooms
D:3:      layout_loops_ring, overflow_temple_1_default,
          hellmonk_ecumenical_altar_arch_garden, grunt_ministairs_4,
          supply_closet_lemuel

Skill      XL: |  1  2  3 |
---------------+----------+-----
Long Blades    | 3 4 5 |  5.1
Fighting       | |  3.6
Armour         | |  3.6
Shields        | |  3.6

Action                   || total
-------------------------++-------
Melee: Long sword        ||    83
       Headbutt          ||    10
Throw: Dart              ||     2
Armor: Scale mail        ||    28
Dodge: Dodged            ||    36
Block: Buckler           ||    19

Table legend: (Time is in decaauts)
 A = Elapsed time spent in this place.
 B = Non-inter-level travel time spent in this place.
 C = Inter-level travel time spent in this place.
 D = Time resting spent in this place.
 E = Time spent auto-exploring this place.
 F = Levels seen in this place.
 G = Mean time per level.
                   A        B        C        D        E       F      G
               +--------+--------+--------+--------+--------+-----+--------+
         Total |   1470 |   1439 |     31 |      0 |   1134 |   3 |  490.0 |
       Dungeon |   1470 |   1439 |     31 |      0 |   1134 |   3 |  490.0 |
               +--------+--------+--------+--------+--------+-----+--------+

Top non-repeatable levels by time:
     D:1: 669 daAuts
     D:2: 532 daAuts
     D:3: 268 daAuts
